 Dungeon Crawl Stone Soup version 0.26-a0-812-g31a745ddcd (webtiles) character file.

Game seed: 13384267375576987251

903 CypherZel the Skirmisher (level 8, 0/74 HPs)
             Began as a Hill Orc Monk on Nov 26, 2020.
             Was a Follower of Beogh.
             Slain by an unseen horror (4 damage)
             ... on level 6 of the Dungeon.
             The game lasted 00:30:52 (12165 turns).

CypherZel the Skirmisher (Hill Orc Monk)           Turns: 12165, Time: 00:30:52

Health: 0/74       AC: 12    Str: 16    XL:     8   Next: 7%
Magic:  9/10       EV: 12    Int: 16    God:    Beogh [*.....]
Gold:   257        SH:  0    Dex: 15    Spells: 7/7 levels left

rFire    . . .     SeeInvis .   a - +1 hand axe
rCold    . . .     Faith    .   (no shield)
rNeg     . . .     Spirit   .   p - +0 chain mail
rPois    .         Reflect  .   (no helmet)
rElec    .         Harm     .   (no cloak)
rCorr    .         Rampage  .   (no gloves)
MR       .....                  r - +2 pair of boots {Stlth+}
Stlth    ..........             (no amulet)
HPRegen  0.22/turn              w - +4 ring of evasion
MPRegen  0.12/turn              f - +6 ring of intelligence

@: studying Evocations, lightly drained
A: agile 1, mutation resistance 1
a: Renounce Religion


You were on level 6 of the Dungeon.
You worshipped Beogh.
Beogh was aware of your devotion.
You visited 2 branches of the dungeon, and saw 7 of its levels.

You collected 257 gold pieces.

Inventory:

Hand Weapons
 a - a +1 hand axe (weapon)
 u - a +0 war axe
Missiles
 g - 153 stones
 m - an atropa-tipped dart
 n - 20 poisoned darts (quivered)
Armour
 b - a +0 robe
 c - a +0 leather armour
 i - a +0 ring mail
 k - a -2 scale mail
 p - a +0 chain mail (worn)
 r - a +2 pair of boots of stealth (worn)
Jewellery
 e - an uncursed ring of positive energy
 f - a +6 ring of intelligence (right hand)
 w - a +4 ring of evasion (left hand)
Wands
 q - a wand of random effects (17)
 t - a wand of digging (5)
Scrolls
 d - a scroll of fog
 h - 3 scrolls of amnesia
 j - 2 scrolls of remove curse
Potions
 o - 3 potions of mutation
Books
 l - a manual of Evocations


   Skills:
 + Level 7.7(7.6) Fighting
 + Level 7.6(7.5) Axes
 - Level 2.5(2.4) Armour
 - Level 3.3(3.2) Dodging
 - Level 1.6(1.5) Stealth
 - Level 3.1(3.0) Invocations


You had 7 spell levels left.
You didn't know any spells.
Your spell library was empty.

Dungeon Overview and Level Annotations

Branches:
Dungeon (6/15)             Temple (1/1) D:4

Altars:
Ashenzari
Cheibriados
Elyvilon
Fedhas
Gozag
Hepliaklqana
Kikubaaqudgha
Makhleb
Nemelex Xobeh
Okawaru
Qazlal
Ru
Trog
Uskayaw
Vehumet
Xom
Yredelemnul
Zin

Shops:
D:3 *

Annotations:
D:1 exclusions: gnoll and kobold
D:3 exclusion: downstairs
D:4 Edmund, Sigmund


Innate Abilities, Weirdness & Mutations

You are agile. (Dex +2)
You are somewhat resistant to further mutation.


Message History

* * * LOW HITPOINT WARNING * * *
Okay, then.
Okay, then.
Quiver which item? (- for none, * to show all) (? for menu, Esc to quit)
Okay, then.
Okay, then.
Something hits you.
* * * LOW HITPOINT WARNING * * *
Throwing (i - inventory. (/) - cycle)
n - 21 poisoned darts (quivered)
Press: ? - help, Shift-Dir - straight line You throw a poisoned dart.
Something hits you.
* * * LOW HITPOINT WARNING * * *
Something hits you.
* * * LOW HITPOINT WARNING * * *
Something hits you but does no damage. Something hits you but does no damage.
Something hits you but does no damage. Something hits you but does no damage.
Something hits you.
You die...

#...##...........#
..######........## ...##
##....#..##
....###.........#
.#....##......####
####...#...#..#..##
#<.###..#......#
##.##...###...##
#####.....####..@.##
#.##.......#.......#
.....#....##.#....####
.....#.#####.........###
.....### #...........#
.....### #.###.......#
.......# ##.###.......#
.......####...##...#..##
............_......####


There were no monsters in sight!

Vanquished Creatures
  A centaur (D:6)
  2 bullfrogs (D:6)
  3 scorpions
  4 wights (D:6)
  A howler monkey (D:4)
  An orc priest (D:5)
  Natasha (twice) (D:2)
  3 hound skeletons
  2 howler monkey skeletons
  A gnoll (D:1)
  7 adders
  An ufetubus (D:6)
  3 oozes
  An adder zombie (D:5)
  An adder skeleton (D:5)
  5 worms
  A dart slug (D:1)
  4 leopard geckos
  15 orcs
  9 bats
  7 giant cockroaches
  3 goblins
  6 hobgoblins
  9 jackals
  A quokka (D:4)
  2 frilled lizards
  9 kobolds
  A leopard gecko zombie (D:6)
  8 rats
  A spectral orc (D:5)
114 creatures vanquished.

Vanquished Creatures (others)
  3 withered plants (D:3)
3 creatures vanquished.

Grand Total: 117 creatures vanquished

Notes
Turn   | Place    | Note
-------+----------+-------------------------------------------
     0 | D:1      | CypherZel the Hill Orc Monk began the quest for the Orb.
     0 | D:1      | Reached XP level 1. HP: 19/19 MP: 1/1
   498 | D:1      | Reached XP level 2. HP: 18/27 MP: 2/2
  1739 | D:1      | Reached XP level 3. HP: 29/34 MP: 3/3
  2096 | D:2      | Found a sacrificial altar of Ru.
  2140 | D:2      | Reached skill level 5 in Axes
  2584 | D:2      | Reached XP level 4. HP: 41/41 MP: 4/4
  2878 | D:2      | Noticed Natasha
  2888 | D:2      | Killed Natasha
  2888 | D:2      | Reached skill level 5 in Fighting
  3304 | D:2      | Noticed Natasha
  3721 | D:2      | Killed Natasha
  3721 | D:2      | Reached XP level 5. HP: 31/48 MP: 5/5
  4068 | D:3      | Found an ancient bone altar of Kikubaaqudgha.
  4068 | D:3      | Found a hazy altar of Hepliaklqana.
  4678 | D:3      | Found Gozag's Platinum Reserve.
  4681 | D:3      | Found an opulent altar of Gozag.
  5985 | D:4      | Noticed Edmund
  6254 | D:4      | Found a burning altar of Makhleb.
  6257 | D:4      | Found a glowing silver altar of Zin.
  6258 | D:4      | Noticed an angel
  6258 | D:4      | Noticed a blizzard demon
  6291 | D:4      | Reached XP level 6. HP: 38/57 MP: 6/6
  6579 | D:4      | Found a staircase to the Ecumenical Temple.
  7348 | D:4      | Noticed Sigmund
  7361 | D:4      | Gained mutation: You are agile. (Dex +2) [potion of
                  | mutation]
  7361 | D:4      | Gained mutation: You are somewhat resistant to further
                  | mutation. [potion of mutation]
  7827 | Temple   | Entered the Ecumenical Temple
  8671 | D:5      | Entered Level 5 of the Dungeon
  9203 | D:5      | Found a broken altar of Ashenzari.
  9626 | D:5      | Became a worshipper of Beogh the Brigand
  9626 | D:5      | Reached * piety under Beogh
  9626 | D:5      | Reached ** piety under Beogh
 10123 | D:5      | Found a basalt altar of Yredelemnul.
 10250 | D:5      | Reached XP level 7. HP: 44/64 MP: 7/7
 10957 | D:6      | Found a snail-covered altar of Cheibriados.
 10984 | D:6      | Reached skill level 1 in Armour
 10984 | D:6      | Reached skill level 1 in Invocations
 12001 | D:6      | Reached XP level 8. HP: 67/73 MP: 10/10
 12159 | D:6      | HP: 2/74 [something (2)]
 12165 | D:6      | Slain by an unseen horror

Illustrated notes

Levels and vault maps discovered:
D:1:      dpeg_arrival_stonehenge_12_columns, layout_basic
D:2:      layout_basic, nicolae_ru_sacrificial_ziggurat, minmay_misc_feat_tiny,
          uniq_natasha
D:3:      layout_basic, nicolae_gozag_zags_fifth_avenue,
          overflow_temple_1_default, kiku_gazebo_garden_becter
D:4:      layout_gridville, grunt_temple_overflow_order_and_chaos_2,
          minmay_temple_entry_butterflies, uniq_sigmund, uniq_edmund
D:5:      layout_loops_ring, nicolae_overflow_hidden_temple,
          yredelemnul_forgotten_temple_becter, nicolae_ashenzari_panopticon
D:6:      layout_cave_pools, nicolae_overflow_crystal_walls,
          minmay_manual_mandibuliform
Temple:   compressed_dpeg_triangle_lava_temple

Skill      XL: |  1  2  3  4  5  6  7 |
---------------+----------------------+-----
Fighting       | 4 5 6 7 |  7.7
Axes           | 5 6 7 |  7.6
Armour         | 2 |  2.5
Invocations    | 3 |  3.1
Dodging        | 3 |  3.3
Stealth        | |  1.6

Action                   |  1- 3 |  4- 6 |  7- 9 || total
-------------------------+-------+-------+-------++-------
Melee: Hand axe          |   149 |   307 |   126 ||   582
Throw: Stone             |       |     2 |     1 ||     3
       Dart              |       |     1 |     6 ||     7
Invok: Convert to Beogh  |       |     1 |       ||     1
       Smiting           |       |       |     3 ||     3
  Use: Potion            |     2 |     7 |     1 ||    10
       Scroll            |     1 |     7 |     4 ||    12
 Stab: Sleeping          |     2 |     1 |       ||     3
       Invisible         |     1 |     3 |       ||     4
Armor: Leather armour    |     4 |       |       ||     4
       Ring mail         |    44 |    85 |    22 ||   151
       Chain mail        |       |       |    36 ||    36
Dodge: Dodged            |   114 |   172 |    61 ||   347

Table legend: (Time is in decaauts)
 A = Elapsed time spent in this place.
 B = Non-inter-level travel time spent in this place.
 C = Inter-level travel time spent in this place.
 D = Time resting spent in this place.
 E = Time spent auto-exploring this place.
 F = Levels seen in this place.
 G = Mean time per level.
                   A        B        C        D        E       F      G
               +--------+--------+--------+--------+--------+-----+--------+
         Total |  12207 |  11703 |    504 |   5197 |   4030 |   7 | 1743.9 |
       Dungeon |  11857 |  11361 |    496 |   5197 |   3706 |   6 | 1976.2 |
        Temple |    350 |    342 |      8 |      0 |    324 |   1 |  350.0 |
               +--------+--------+--------+--------+--------+-----+--------+

Top non-repeatable levels by time:
     D:4: 2422 daAuts
     D:1: 2189 daAuts
     D:5: 1984 daAuts
     D:3: 1916 daAuts
     D:2: 1893 daAuts
     D:6: 1451 daAuts
  Temple: 350 daAuts
